 Dungeon Crawl Stone Soup version 0.32-a0-350-g4f4d228785 (webtiles) character file.

Game seed: 9206375861784444483

32885 Aldia the Covert (level 13, -2/78 HPs)
             Began as a Vampire Enchanter on Feb 18, 2024.
             Was an Elder of Ru.
             Slain by Rupert
             ... wielding a +1 great mace of holy wrath
              (31 damage)
             ... on level 4 of the Lair of Beasts.
             The game lasted 00:52:30 (15996 turns).

Aldia the Covert (Vampire Enchanter)               Turns: 15996, Time: 00:52:36

Health: -2/78      AC: 15    Str: 10    XL:     13   Next: 33%
Magic:  18/18      EV: 17    Int: 19    God:    Ru [****..]
Gold:   489        SH:  6    Dex: 18    Spells: 6/19 levels left

rFire   + . .        e - +2 scimitar (flame)
rCold   + + .        Q - +0 buckler
rNeg    + + +        a - +2 robe {Will+}
rPois   ∞            P - +2 helmet
rElec   .            w - +2 cloak
rCorr   +            b - +1 pair of gloves
SInv    +            q - +2 pair of boots of the Dolphin {Str+3}
Will    +....        (no amulet)
Stlth   ++++++++     R - ring of protection from fire
HPRegen 0.00/turn    K - ring of resist corrosion
MPRegen 0.16/turn

%: inaccuracy (-5)
@: mighty, horrified, bloodless, inhibited regen
A: bloodless, fangs 3, see invisible, cowardly, weak-willed 1, unskilled 1,
missing an eye, vampiric 2
a: Bat Form, Revivify, Renounce Religion, Draw Out Power, Power Leap


You were on level 4 of the Lair of Beasts.
You worshipped Ru.
Ru was greatly pleased with you.
You visited 3 branches of the dungeon, and saw 16 of its levels.
You also visited: Bailey.

You collected 1005 gold pieces.
You spent 516 gold pieces at shops.

Inventory:

Hand Weapons
 e - a +2 scimitar of flaming (weapon)
 h - a +1 dagger of draining
 i - a +0 dagger of pain
Missiles
 S - a throwing net (quivered)
Armour
 a - a +2 robe of willpower (worn)
 b - a +1 pair of gloves (worn)
 q - the +2 pair of boots of the Dolphin (worn) {Str+3}
   (You found it on level 4 of the Dungeon)

   Str+3:     It affects your strength (+3).
 r - an orb of guile
 w - a +2 cloak (worn)
 x - +0 swamp dragon scales
 y - +0 steam dragon scales
 P - a +2 helmet (worn)
 Q - a +0 buckler (worn)
Jewellery
 C - a ring of flight
 K - a ring of resist corrosion (right hand)
 R - a ring of protection from fire (left hand)
 U - an amulet of the acrobat
Talismans
 o - a maw talisman
Wands
 j - a wand of digging (4)
 u - a wand of flame (25)
 z - a wand of paralysis (14)
 G - a wand of acid (6)
 J - a wand of polymorph (10)
Scrolls
 d - 3 scrolls of teleportation
 f - a scroll of summoning
 g - 2 scrolls of torment
 l - 2 scrolls of fear
 m - 5 scrolls of silence
 p - a scroll of immolation {unknown}
 s - a scroll of fog
 v - 3 scrolls of amnesia
 A - a scroll of noise
 B - a scroll of vulnerability
 H - 3 scrolls of enchant weapon
 M - 2 scrolls of poison
 T - a scroll of blinking {unknown}
 W - a scroll of brand weapon {unknown}
 X - a scroll of acquirement {unknown}
Potions
 c - 2 potions of invisibility
 k - 4 potions of heal wounds
 n - 2 potions of attraction
 t - 2 potions of cancellation
 D - 2 potions of lignification
 E - 4 potions of mutation
 F - 6 potions of curing
 I - 2 potions of enlightenment
 L - a potion of haste {unknown}
 N - a potion of ambrosia
 O - a potion of resistance {unknown}
 V - a potion of might


   Skills:
 + Level 7.7 Fighting
 - Level 7.2(10.0) Short Blades
 * Level 9.9(10.8) Long Blades
 + Level 9.6 Dodging
 - Level 14.0 Stealth
 - Level 5.4 Shields
 - Level 3.6 Spellcasting
 - Level 7.2 Hexes
 - Level 4.0 Translocations
 - Level 0.8 Ice Magic


You had 6 spell levels left.
You knew the following spells:

 Your Spells              Type           Power      Damage    Failure   Level
a - Ensorcelled Hibernat  Hex/Ice        28%        N/A       6%          2
b - Confusing Touch       Hex            23%        N/A       3%          3
c - Tukima's Dance        Hex            23%        N/A       3%          3
d - Dazzling Flash        Conj/Hex       26%        N/A       14%         3
e - Blink                 Tloc           28%        N/A       6%          2

Your spell library contained the following spells:

 Spells                   Type           Power      Damage    Failure   Level
 Lesser Beckoning         Tloc           28%        N/A       6%          2
 Momentum Strike          Conj/Tloc      16%        3d8       14%         2
 Volatile Blastmotes      Fire/Tloc      16%        2d11      26%         3
 Call Imp                 Summ           4%         N/A       30%         2
 Cigotuvi's Dreadful Rot  Necr/Alch/Air  4%         N/A       30%         2
 Sublimation of Blood     Necr           2%         N/A       30%         2
 Iskenderun's Mystic Bla  Conj/Tloc      8%         2d4       65%         4
 Fulminant Prism          Conj/Alch      1%         3d5       90%         4
 Ignite Poison            Fire/Alch      2%         N/A       90%         4
 Freezing Cloud           Conj/Ice/Air   1%         6-21      99%         5
 Malign Gateway           Summ/Tloc      4%         N/A       100%        7
 Summon Hydra             Summ           1%         N/A       100%        7
 Summon Horrible Things   Summ           1%         N/A       100%        8


Dungeon Overview and Level Annotations

Branches:
Dungeon (11/15)            Temple (1/1) D:7            Lair (4/5) D:10
  Swamp (0/4) Lair:3        Snake (0/4) Lair:3        Slime (0/5) Lair:4
 Bailey (visited)
    Orc: D:9-12

Altars:
Ashenzari
Cheibriados
Dithmenos
Fedhas
Gozag
Hepliaklqana
Kikubaaqudgha
Makhleb
Nemelex Xobeh
Okawaru
Qazlal
Ru
Sif Muna
Trog
Uskayaw
Vehumet
Wu Jian
Xom
Yredelemnul

Shops:
D:2 =   D:6 :   D:7 [   D:9 !   D:10 *

Annotations:
D:2 1 runed translucent door, Crazy Yiuf
D:3 3 runed translucent doors, DeathSocks's ghost, amateur MiFi
Temple 2 transporters
Lair:1 2 transporters, ooooo's ghost, journeyman OpCj
Lair:3 1 runed translucent door, exclusion: oklob plant, Sitazake's ghost, journeyman TrWr
Lair:4 Rupert


Innate Abilities, Weirdness & Mutations

You do not regenerate when monsters are visible.
You are frail without blood (-20% HP).
You can heal yourself when you bite living creatures.
You are immune to poison.
You have razor-sharp teeth.
You have supernaturally acute eyesight. (SInv)
Your cowardice makes you less effective in combat with threatening foes.
You are slightly weak-willed. (Will-)
You are somewhat unskilled. (-1 Apt)
You are missing an eye, making it more difficult to aim.
You are afflicted with vampirism and can become a bat while bloodless.


Message History

There is a stone staircase leading up here.
Casting: Ensorcelled Hibernation (safe; 6% risk of failure)
Confirm with . or Enter, or press ? or * to list all spells.
Aiming: Ensorcelled Hibernation (safe; 6% risk of failure)
Press: ? - help, Shift-Dir - straight line, f - Rupert
Aim: Rupert, wielding a +1 great mace of holy wrath and wearing a +1 leather armour of fire resistance (chance to affect: 1%)
Okay, then.
Casting: Ensorcelled Hibernation (safe; 6% risk of failure)
Confirm with . or Enter, or press ? or * to list all spells.
Aiming: Tukima's Dance (dangerous; 3% risk of failure)
Press: ? - help, Shift-Dir - straight line, f - Rupert
Aim: Rupert, wielding a +1 great mace of holy wrath and wearing a +1 leather armour of fire resistance (chance to affect: 3%)
Okay, then.
Your +2 scimitar of flaming bursts into flame!
e - a +2 scimitar of flaming (weapon)
Okay, then.
Aiming: Corrosive Bolt
Press: ? - help, Shift-Dir - straight line, f - Rupert
Aim: Rupert, wielding a +1 great mace of holy wrath and wearing a +1 leather armour of fire resistance (45% to hit)
The bolt of acid hits Rupert!
Rupert is lightly wounded.
Rupert roars madly and goes into a rage!
Rupert goes berserk!
Unknown command.
You feel very mighty all of a sudden.
You miss Rupert. Your bite misses Rupert.
Rupert is lightly wounded.
You block Rupert's attack.
Rupert is stunned by your conviction and fails to attack.
You miss Rupert. Your bite misses Rupert.
Rupert is lightly wounded.
Rupert hits you with a +1 great mace of holy wrath!
You convulse!
You hit Rupert. You burn Rupert.
Rupert is lightly wounded.
Rupert hits you with a +1 great mace of holy wrath!!
You convulse!!
You die...
Rupert roars with triumph.
Ru respects your ultimate sacrifice.

## #. #P ### #. ##
########.########
#####.##P#.#.#...#..##.P
........................
........................
......@@................
........................
........................
........................
........................
........................
#..P##P.###.#.#......###
#### #### ##############
#.


You could see Rupert (berserk).

Vanquished Creatures
  3 hydras
  A two-headed ogre (D:10)
  A boulder beetle (D:11)
  2 death yaks (Lair:1)
  A fire crab (Lair:4)
  2 skysharks
  Pikel (D:7)
  An orc knight (Bailey)
  A cyclops (D:10)
  4 elephants (Lair:2)
  4 black mambas
  8 cane toads
  A torpor snail (Lair:3)
  An unseen horror (D:11)
  Maggie (D:7)
  4 rime drakes
  6 komodo dragons
  2 polar bears (Lair:3)
  6 blink frogs
  7 dream sheep (Lair:3)
  A shadow (D:11)
  Sigmund (D:5)
  3 wyverns
  A wraith (D:10)
  47 yaks
  A warg (D:10)
  6 steam dragons
  An acid dragon (D:9)
  A naga (Lair:3)
  8 orc warriors
  16 water moccasins
  2 black bears
  2 ice beasts
  3 ogres
  5 wolves
  5 centaurs
  2 phantoms
  14 bullfrogs
  A gnoll sergeant (D:11)
  3 scorpions
  3 wights (D:10)
  4 killer bees (D:7)
  2 howler monkeys
  3 jellies
  3 orc priests
  A bombardier beetle (D:5)
  A gnoll bouda (D:5)
  A hound (D:6)
  2 sleepcaps (D:5)
  2 iguanas
  9 orc wizards
  Natasha (thrice) (D:2)
  2 hell rats (Lair:1)
  7 gnolls
  4 adders
  9 river rats (Lair:1)
  A shadow imp (D:6)
  2 white imps
  4 ufetubi (D:6)
  2 ribbon worms
  A dart slug (D:3)
  40 orcs
  5 ball pythons
  3 endoplasms
  A giant cockroach (D:1)
  7 goblins
  4 hobgoblins
  7 jackals (D:4)
  5 kobolds
  2 quokkas
  5 bats
  8 rats
333 creatures vanquished.

Vanquished Creatures (collateral kills)
  2 orc warriors (Bailey)
  4 orcs (Bailey)
6 creatures vanquished.

Vanquished Creatures (others)
  A dancing weapon (Bailey)
  An orc (Bailey)
2 creatures vanquished.

Grand Total: 341 creatures vanquished

Notes
Turn   | Place    | Note
-------+----------+-------------------------------------------
     0 | D:1      | Aldia the Vampire Enchanter began the quest for the Orb.
     0 | D:1      | Reached XP level 1. HP: 13/13 MP: 3/3
   285 | D:1      | Reached XP level 2. HP: 19/19 MP: 5/5
   436 | D:1      | Reached skill level 5 in Stealth
   474 | D:1      | Learned a level 2 spell: Ensorcelled Hibernation
   686 | D:2      | Found Yruahy's Jewellery Shoppe.
   691 | D:2      | Gained mutation: You are afflicted with vampirism and can
                  | become a bat while bloodless. [Vampire growth]
   691 | D:2      | Reached XP level 3. HP: 19/19 MP: 6/6
   695 | D:2      | Learned a level 3 spell: Confusing Touch
   722 | D:2      | Noticed Natasha
   810 | D:2      | Killed Natasha
   856 | D:2      | Reached skill level 1 in Ice Magic
   942 | D:2      | Noticed Natasha
   962 | D:2      | Reached XP level 4. HP: 12/24 MP: 1/7
   966 | D:2      | Killed Natasha
   967 | D:2      | Reached skill level 6 in Stealth
  1247 | D:2      | Noticed Natasha
  1253 | D:2      | Killed Natasha
  1254 | D:2      | Reached skill level 5 in Hexes
  1254 | D:2      | Reached XP level 5. HP: 25/28 MP: 3/8
  1306 | D:2      | Found a runed translucent door.
  1307 | D:2      | Noticed Crazy Yiuf
  1538 | D:3      | Found a runed translucent gate.
  1539 | D:3      | Found a runed translucent gate.
  1540 | D:3      | Found a runed translucent gate.
  1570 | D:3      | Reached skill level 7 in Stealth
  1787 | D:3      | Noticed DeathSocks's ghost (amateur MiFi)
  1834 | D:4      | Noticed a phantom
  1853 | D:4      | Killed a phantom
  2042 | D:4      | Reached XP level 6. HP: 29/32 MP: 9/9
  2068 | D:4      | Identified the +2 pair of boots of the Dolphin {Str+3}
  2306 | D:4      | Reached skill level 5 in Short Blades
  2306 | D:4      | Reached skill level 8 in Stealth
  2668 | D:5      | Entered Level 5 of the Dungeon
  2932 | D:5      | Reached skill level 1 in Fighting
  2966 | D:5      | Reached XP level 7. HP: 38/38 MP: 11/11
  3026 | D:5      | Learned a level 3 spell: Tukima's Dance
  3307 | D:5      | Noticed Sigmund
  3311 | D:5      | Killed Sigmund
  3378 | D:5      | Reached XP level 8. HP: 44/44 MP: 14/14
  3382 | D:5      | Learned a level 3 spell: Dazzling Flash
  3920 | D:6      | Found Tukhy's Self-Improvement Boutique.
  4001 | D:6      | Reached skill level 5 in Dodging
  4585 | D:6      | Found a sparkling altar of Nemelex Xobeh.
  4593 | D:6      | Found a sacrificial altar of Ru.
  4816 | D:7      | Found a bloodstained altar of Trog.
  4937 | D:6      | Became a worshipper of Ru the Awakened
  4969 | D:7      | Noticed Pikel
  4979 | D:7      | Killed Pikel
  4980 | D:7      | Reached skill level 9 in Stealth
  4980 | D:7      | Reached XP level 9. HP: 44/52 MP: 8/15
  5100 | D:7      | Reached skill level 10 in Stealth
  5134 | D:7      | Noticed Maggie
  5137 | D:7      | Found Biem Xyibru's Armour Emporium.
  5141 | D:7      | Killed Maggie
  5665 | D:7      | Reached skill level 11 in Stealth
  5788 | D:7      | Found a staircase to the Ecumenical Temple.
  5794 | Temple   | Found a transporter.
  5794 | Temple   | Found a transporter.
  5794 | Temple   | Found a transporter.
  5794 | Temple   | Found a transporter.
  5794 | Temple   | Entered the Ecumenical Temple
  6132 | D:8      | Reached skill level 12 in Stealth
  6148 | D:8      | Found a shadowy altar of Dithmenos.
  6431 | D:8      | Reached skill level 1 in Long Blades
  6679 | D:9      | Reached XP level 10. HP: 58/58 MP: 16/16
  6717 | D:9      | Found Nilaine's Distillery.
  6725 | D:9      | Bought a potion of cancellation for 120 gold pieces
  6725 | D:9      | Bought 2 potions of mutation for 240 gold pieces
  6725 | D:9      | Bought 2 potions of curing for 90 gold pieces
  6739 | D:9      | Reached skill level 5 in Fighting
  6765 | D:9      | Found a flagged portal.
  6792 | Bailey   | Entered a bailey
  6895 | Bailey   | Gained mutation: You are slightly weak-willed. (Will-) [Ru
                  | sacrifice]
  6895 | Bailey   | Reached * piety under Ru
  7223 | Bailey   | Noticed an orc knight
  7225 | Bailey   | Killed an orc knight
  7231 | Bailey   | Identified the +4 bardiche "Kiuv" {speed, rF+ Will+ Stlth+}
  7733 | D:9      | Reached skill level 5 in Long Blades
  8016 | D:10     | Entered Level 10 of the Dungeon
  8066 | D:10     | Found an iron altar of Okawaru.
  8101 | D:10     | Noticed a two-headed ogre
  8114 | D:10     | Killed a two-headed ogre
  8191 | D:10     | Found a staircase to the Lair.
  8256 | D:10     | Reached XP level 11. HP: 64/64 MP: 4/17
  8403 | D:10     | Identified the +11 glaive of Subjectivity {venom, ^Contam
                  | Str+3 Int+4 Dex+2}
  8588 | D:10     | Found Rezoacs's Assorted Antiques.
  8623 | D:10     | Bought a scroll labelled EPRUYXK NAENT for 24 gold pieces
  8623 | D:10     | Bought a glowing red potion for 21 gold pieces
  8623 | D:10     | Bought a silvery potion for 21 gold pieces
  8801 | D:10     | Gained mutation: You are missing an eye, making it more
                  | difficult to aim. [Ru sacrifice]
  8801 | D:10     | Reached ** piety under Ru
  9543 | D:11     | Noticed a boulder beetle
  9550 | D:11     | Killed a boulder beetle
  9551 | D:11     | Reached skill level 13 in Stealth
 10092 | Lair:1   | Entered Level 1 of the Lair of Beasts
 10240 | Lair:1   | Reached skill level 1 in Shields
 10258 | Lair:1   | Noticed a death yak
 10258 | Lair:1   | Noticed a death yak
 10261 | Lair:1   | Noticed a death yak
 10261 | Lair:1   | Noticed a death yak
 10262 | Lair:1   | Noticed a death yak
 10263 | Lair:1   | Killed a death yak
 10265 | Lair:1   | Killed a death yak
 10265 | Lair:1   | Noticed a death yak
 10510 | Lair:1   | Found a transporter.
 10526 | Lair:1   | Found a transporter.
 10527 | Lair:1   | Noticed ooooo's ghost (journeyman OpCj)
 10644 | Lair:1   | Gained mutation: Your cowardice makes you less effective in
                  | combat with threatening foes. [Ru sacrifice]
 10644 | Lair:1   | Reached *** piety under Ru
 10848 | Lair:1   | Reached skill level 14 in Stealth
 11501 | Lair:2   | Noticed a skyshark
 11508 | Lair:2   | Killed a skyshark
 11552 | Lair:2   | Reached XP level 12. HP: 63/72 MP: 6/18
 11661 | Lair:2   | Noticed a five-headed hydra
 11668 | Lair:2   | Killed a five-headed hydra
 11669 | Lair:2   | Reached skill level 10 in Dodging
 11677 | Lair:2   | Reached skill level 5 in Shields
 11901 | Lair:2   | Learned a level 2 spell: Blink
 12069 | Lair:2   | Reached skill level 1 in Translocations
 12104 | Lair:2   | Reached skill level 15 in Stealth
 12273 | Lair:2   | Noticed an eight-headed hydra
 12289 | Lair:2   | Noticed a death yak
 12290 | Lair:2   | Noticed a death yak
 12546 | Lair:2   | Killed a one-headed hydra
 12633 | Lair:2   | Noticed a death yak
 13165 | Lair:3   | Noticed a four-headed hydra
 13198 | Lair:3   | Killed a one-headed hydra
 13309 | Lair:3   | Found a staircase to the Swamp.
 13962 | Lair:3   | Found a runed translucent door.
 13966 | Lair:3   | Identified the +6 trident "Giffeega" {flame, *Noise rElec
                  | rF++ rC+}
 13967 | Lair:3   | Noticed Sitazake's ghost (journeyman TrWr)
 14097 | Lair:3   | Gained mutation: You are somewhat unskilled. (-1 Apt) [Ru
                  | sacrifice]
 14097 | Lair:3   | Reduced skill Stealth to level 13
 14097 | Lair:3   | Reduced skill Shields to level 5
 14097 | Lair:3   | Reached **** piety under Ru
 14495 | Lair:3   | Reached XP level 13. HP: 71/76 MP: 15/18
 14503 | Lair:3   | Reached skill level 14 in Stealth
 14710 | Lair:3   | Found a staircase to the Snake Pit.
 14874 | Lair:4   | Found a staircase to the Slime Pits.
 15988 | Lair:4   | Noticed Rupert
 15996 | Lair:4   | Slain by Rupert

Illustrated notes

Levels and vault maps discovered:
D:1:      tarquinn_simple_flora_water_f, layout_loops_ring
D:2:      layout_rooms, basic_altar, serial_shops, shop,
          uniq_crazy_yiuf_cottage, uniq_natasha
D:3:      layout_rooms, ebering_ghost_rock_garden, minmay_cut_off
D:4:      layout_loops_corners
D:5:      layout_basic, uniq_sigmund
D:6:      layout_loops_ring, grunt_temple_overflow_open, st_stairs_10,
          mumra_transporter_accident, nicolae_shop_self_help
D:7:      layout_basic, trog_book, minmay_temple_entry_fiery, serial_shops,
          nicolae_diamond_shop, nicolae_tricolors, uniq_maggie, uniq_pikel
D:8:      layout_loops_ring, grunt_dithmenos_smoke
D:9:      layout_cave_pods, enter_bailey_2, serial_shops, shop,
          dreamdust_princess_bridge, grunt_ministairs_4
D:10:     layout_cave_pools, nicolae_overflow_hidden_temple,
          erik_lair_orcish_takeover, serial_shops, shop
D:11:     layout_stronghold
Temple:   hellmonk_temple_divided_pantheon
Lair:1:   layout_cave_pods, gammafunk_ghost_hive, kennysheep_rathole
Lair:2:   nzn_winding_woodlands_large [nzn_winding_woodlands_5x5_perimeter,
          nzn_winding_woodlands_5x15_zeroes, nzn_winding_woodlands_hourglass,
          nzn_winding_woodlands_center_pierced_h,
          nzn_winding_woodlands_15x15_thick_spiral,
          nzn_winding_woodlands_center_triple_pond,
          nzn_winding_woodlands_5x5_three, nzn_winding_woodlands_5x15_cabin,
          nzn_winding_woodlands_5x5_checkerboard], layout_concentric_octagons,
          chequers_serial_rivers_small_a, worms_lemuel
Lair:3:   layout_cellular_growth, swamp_mist, guppyfry_snake_entry_island,
          ebering_ghost_funeral_grove, st_stairs_4, evilmike_ambush
          [evilmike_ambush_outer_pillars, evilmike_ambush_inner_pond],
          lemuel_fruit_fields, infiniplex_staircase_pool
Lair:4:   layout_big_grid, slime_entry_1, uniq_rupert

Skill      XL: |  1  2  3  4  5  6  7  8  9 10 11 12 13 |
---------------+----------------------------------------+-----
Stealth        | 5 6 7 8 9 12 14 13 14 | 14.0
Short Blades   | 2 3 4 5 6 8 7 |  7.2
Ice Magic      | 1 0 |  0.8
Hexes          | 5 7 8 7 |  7.2
Fighting       | 1 2 4 6 7 7 |  7.7
Spellcasting   | 4 3 |  3.6
Dodging        | 3 6 8 9 9 |  9.6
Long Blades    | 1 6 7 9 |  9.9
Shields        | 4 5 |  5.4
Translocations | 3 4 |  4.0

Action                     |  1- 3 |  4- 6 |  7- 9 | 10-12 | 13-15 || total
---------------------------+-------+-------+-------+-------+-------++-------
  Melee: Dagger            |    45 |   110 |   184 |   532 |    87 ||   958
         Bite              |     3 |     7 |    19 |    58 |    10 ||    97
         Scimitar          |       |       |       |    81 |     3 ||    84
   Cast: Ensorcelled Hiber |     4 |     5 |    51 |   137 |    42 ||   239
         Confusing Touch   |       |     2 |     6 |     2 |     2 ||    12
         Tukima's Dance    |       |       |       |    11 |       ||    11
         Blink             |       |       |       |     2 |       ||     2
         Dazzling Flash    |       |       |       |     1 |     1 ||     2
 Invoke: Sacrifice Essence |       |       |       |     1 |       ||     1
         Sacrifice Courage |       |       |       |     1 |       ||     1
         Sacrifice an Eye  |       |       |       |     1 |       ||     1
         Draw Out Power    |       |       |       |     1 |       ||     1
         Sacrifice Skill   |       |       |       |     1 |       ||     1
Ability: Exsanguinate      |     1 |       |       |       |       ||     1
         End Transformatio |       |       |       |     2 |       ||     2
         Bat Form          |       |       |       |     2 |       ||     2
  Evoke: Wand              |       |       |       |       |     1 ||     1
    Use: Scroll            |       |     5 |     5 |     9 |     1 ||    20
         Potion            |       |       |     1 |     2 |     1 ||     4
   Stab: Sleeping          |    13 |    18 |    54 |   104 |    24 ||   213
         Distracted        |     1 |     1 |       |     9 |     2 ||    13
         Confused          |       |     3 |     4 |     2 |     2 ||    11
         Invisible         |       |       |       |     4 |     3 ||     7
 Armour: Robe              |    18 |    41 |    77 |   227 |    71 ||   434
         Steam dragon scal |       |       |    26 |    26 |       ||    52
  Dodge: Dodged            |    38 |    38 |   148 |   453 |   102 ||   779
  Block: Buckler           |       |       |       |   124 |    43 ||   167

Table legend: (Time is in decaauts)
 A = Elapsed time spent in this place.
 B = Non-inter-level travel time spent in this place.
 C = Inter-level travel time spent in this place.
 D = Time resting spent in this place.
 E = Time spent auto-exploring this place.
 F = Levels seen in this place.
 G = Mean time per level.
                   A        B        C        D        E       F      G
               +--------+--------+--------+--------+--------+-----+--------+
         Total |  15654 |  14673 |    981 |    724 |  10559 |  17 |  920.8 |
       Dungeon |   9506 |   8798 |    708 |    271 |   6719 |  11 |  864.2 |
        Temple |      1 |      1 |      0 |      0 |      0 |   1 |    1.0 |
          Lair |   5715 |   5442 |    273 |    407 |   3707 |   4 | 1428.8 |
        Bailey |    430 |    430 |      0 |     46 |    133 |   1 |  430.0 |
               +--------+--------+--------+--------+--------+-----+--------+

Top non-repeatable levels by time:
  Lair:3: 2516 daAuts
  Lair:1: 1421 daAuts
  Lair:2: 1308 daAuts
    D:11: 1130 daAuts
     D:6: 1080 daAuts
     D:5: 1059 daAuts
     D:7: 976 daAuts
    D:10: 899 daAuts
     D:9: 873 daAuts
     D:4: 841 daAuts
     D:8: 828 daAuts
     D:1: 752 daAuts
     D:2: 614 daAuts
  Lair:4: 469 daAuts
     D:3: 450 daAuts
